AoeStats
← AIR-Z

Arabia

510139365Analyzed
1v1 RM · 2d ago on Sep 29, 2026· 42m 20s· 2 players
Game mode
Random Map
Map size
Tiny (2 player)
Population
200
Speed
Normal
Resources
Standard
Victory
Conquest
Starting age
Dark Age
Ending age
Imperial Age
RankedLock teamsTeams togetherTeam positionsShared explorationLock speedFull tech treeHidden civsTurbo modeCheats
Victory
Defeat
🇧🇷 Mongols · Brazil
985
+17
🇷🇺 Franks · Russia
998
-17
Lechuga
6:51 Loom
9:30 Feudal Age
10:58 Horse Collar
19:29 Castle Age
17:27 Stone Mining
18:32 Gold Mining
20:26 Wheelbarrow
20:18 Husbandry
21:03 Bloodlines
21:08 Double-Bit Axe
21:25 Heavy Plow
23:29 Gold Shaft Mining
24:17 Light Cavalry
25:07 Fletching
26:39 Hand Cart
32:22 Imperial Age
31:02 Ballistics
30:07 Light Cavalry
30:57 Bodkin Arrow
32:56 Thumb Ring
33:01 Scale Barding Armor
32:58 Padded Archer Armor
35:42 Bracer
37:07 Leather Archer Armor
39:26 Chain Barding Armor
39:17 Forging
40:02 Elite Skirmisher
42:52 Masonry
43:43 Chemistry
AIR-Z
11:13 Feudal Age
15:23 Forging
20:05 Castle Age
18:12 Double-Bit Axe
18:29 Gold Mining
19:04 Stone Mining
20:02 Scale Barding Armor
29:17 Squires
30:23 Wheelbarrow
30:30 Wheelbarrow
31:21 Husbandry
32:53 Chain Barding Armor
33:09 Iron Casting
33:05 Ordonnance Companies
37:03 Imperial Age
35:30 Loom
38:15 Conscription
39:00 Plate Barding Armor
38:07 Cavalier
39:03 Chivalry
42:13 Hand Cart
Connection lost

Rejoining the realm…

Still unreachable

The connection could not be restored.

Session expired

The server has moved on; the page needs a fresh start.